 Dungeon Crawl Stone Soup version 0.31-a0-128-g25add195a6 (webtiles) character file.

Game seed: 6292591718729765509

1934 voltaire321 the Caller (level 9, -5/65 (68) HPs)
             Began as a Merfolk Summoner on June 1, 2023.
             Slain by a wight
             ... wielding a +2 mace of freezing
              (7 damage)
             ... on level 7 of the Dungeon.
             The game lasted 00:25:31 (6186 turns).

voltaire321 the Caller (Merfolk Summoner)           Turns: 6186, Time: 00:25:31

HP:   -5/65 (68)    AC:  4    Str: 12    XL:     9   Next: 17%
MP:   13/16         EV: 15    Int: 14    God:
Gold: 280           SH:  5    Dex: 15    Spells: 11/17 levels left

rFire   + . .        s - +0 morningstar (holy)
rCold   . . .        (no shield)
rNeg    . . .        l - +2 robe {Will+}
rPois   .            (no helmet)
rElec   .            (no cloak)
rCorr   .            (no gloves)
SInv    .            (no boots)
Will    +....        q - amulet of reflection
Stlth   ++           u - ring of protection from fire
HPRegen 0.30/turn    (no ring)
MPRegen 0.15/turn

%: reflection
@: lightly drained
A: (nimble swimmer 2), mertail
a: no special abilities


You were on level 7 of the Dungeon.
You visited 1 branch of the dungeon, and saw 7 of its levels.

You collected 280 gold pieces.

Inventory:

Hand Weapons
 k - a +1 vampiric whip
 s - a +0 morningstar of holy wrath (weapon)
 v - a +2 dagger of venom
 J - a +4 heavy scimitar
Missiles
 d - 6 poisoned darts
 I - a curare-tipped dart
Armour
 l - a +2 robe of willpower (worn)
Jewellery
 q - an amulet of reflection (around neck)
 u - a ring of protection from fire (left hand)
Wands
 o - a wand of flame (25)
 w - a wand of roots (8)
Scrolls
 c - 3 scrolls of teleportation {unknown}
 e - 2 scrolls of torment
 f - a scroll of noise {unknown}
 g - 6 scrolls of identify {unknown}
 h - 2 scrolls of silence {unknown}
 i - 2 scrolls of vulnerability {unknown}
 n - a scroll of magic mapping {unknown}
 p - 2 scrolls of immolation {unknown}
 t - 2 scrolls of blinking {unknown}
 x - 4 scrolls of fog {unknown}
 y - a scroll of poison {unknown}
 D - a scroll of enchant armour {unknown}
 F - a scroll of amnesia {unknown}
 H - a scroll of brand weapon {unknown}
Potions
 a - a potion of invisibility {unknown}
 b - a potion of magic
 j - a potion of resistance {unknown}
 m - 2 potions of might {unknown}
 r - a potion of attraction {unknown}
 z - a potion of haste {unknown}
 A - a potion of ambrosia {unknown}
 B - a potion of berserk rage {unknown}
 C - a potion of lignification {unknown}
 E - a potion of mutation {unknown}
 G - a potion of degeneration {unknown}


   Skills:
 + Level 5.1 Fighting
 + Level 3.4 Armour
 + Level 6.7 Dodging
 - Level 2.1 Stealth
 + Level 4.6 Spellcasting
 * Level 7.8 Summonings


You had 11 spell levels left.
You knew the following spells:

 Your Spells              Type           Power      Damage    Failure   Level
a - Summon Small Mammal   Summ           100%       N/A       1%          1
b - Call Imp              Summ           50%        N/A       1%          2
c - Call Canine Familiar  Summ           25%        N/A       2%          3

Your spell library contained the following spells:

 Spells                   Type           Power      Damage    Failure   Level
 Summon Guardian Golem    Hex/Summ       14%        N/A       11%         3
 Necrotise                Necr           12%        1d4       19%         1
 Summon Lightning Spire   Summ/Air       14%        N/A       34%         4
 Dazzling Flash           Conj/Hex       6%         N/A       47%         3
 Inner Flame              Hex/Fire       3%         N/A       47%         3
 Vampiric Draining        Necr           3%         2d6       47%         3
 Volatile Blastmotes      Fire/Tloc      6%         2d10      47%         3
 Flame Wave               Conj/Fire      3%         2d5       87%         4
 Iskenderun's Mystic Bla  Conj/Tloc      3%         2d3       87%         4
 Leda's Liquefaction      Hex/Erth       1%         N/A       87%         4
 Manifold Assault         Tloc           3%         N/A       87%         4
 Sticky Flame             Conj/Fire      3%         2d3       87%         4
 Agony                    Necr           3%         N/A       99%         5
 Lee's Rapid Deconstruct  Erth           1%         3d4*      99%         5
 Dispersal                Tloc           1%         N/A       100%        6
 Leda's Unmaking          Conj/Erth      1%         9d1       100%        6
 Starburst                Conj/Fire      1%         6d3       100%        6
 Statue Form              Tmut/Erth      2%         N/A       100%        6
 Disjunction              Tloc           1%         N/A       100%        8


Dungeon Overview and Level Annotations

Branches:
Dungeon (7/15)
 Temple: D:4-7

Altars:
Kikubaaqudgha
Nemelex Xobeh
Qazlal


Innate Abilities, Weirdness & Mutations

((You are very nimble when in or above water. (Stealth+, EV+, Speed+++)))
Your lower body shifts to a powerful aquatic tail in water.


Message History

The wight is almost destroyed.
Your cerulean imp hits the wight but does no damage.
The wight misses you. The wight closely misses you.
The wight hits you with a +3 spear of freezing.
The wight freezes you. The wight hits you with a +4 scimitar!!
You feel drained. The wight closely misses you.
You hit the wight.
You destroy the wight!
Your cerulean imp hits the wight but does no damage.
The wight hits you with a +4 scimitar! You block the wight's attack.
Your cerulean imp closely misses the wight.
You barely miss the wight.
The wight is moderately damaged.
The wight barely misses you.
The wight hits you with a +2 mace of freezing!
* * * LOW HITPOINT WARNING * * *
The wight freezes you.
* * * LOW HITPOINT WARNING * * *
Your cerulean imp barely misses the wight.
The wight hits you with a +4 scimitar!
* * * LOW HITPOINT WARNING * * *
You feel drained.
* * * LOW HITPOINT WARNING * * *
You block the wight's attack.
Your cerulean imp disappears in a puff of smoke!
Okay, then.
Okay, then.
Okay, then.
As you read the scroll labelled WOESIRCHOME, it crumbles to dust.
Your body is wracked with pain!
* * * LOW HITPOINT WARNING * * *
It was a scroll of torment.
The wight barely misses you.
The wight hits you with a +2 mace of freezing.
* * * LOW HITPOINT WARNING * * *
The wight freezes you.
* * * LOW HITPOINT WARNING * * *
The wight attacks as you move away! The wight completely misses you.
The wight attacks as you move away!
The wight hits you with a +2 mace of freezing!
You die...

#...........#
#.....<.....#
#...........#
###....######
#....# #..[.#
#....######
#..........
#.@........
#zz$.......
######..........
.......).........
......>....>.....
..........#......
..$.......#######
..........#
..........#


You could see 2 wights.

Vanquished Creatures
  A water moccasin (D:7)
  An ice beast (D:6)
  A sky beast (D:6)
  A black bear (D:4)
  A centaur (D:6)
  A kobold brigand (D:6)
  2 scorpions (D:5)
  5 wights
  2 jellies
  3 hounds
  An orc priest (D:3)
  A gnoll bouda (D:6)
  2 iguanas (D:6)
  Jessica (D:2)
  Terence (D:2)
  3 gnolls
  3 adders
  An ufetubus (D:6)
  2 worms
  3 dart slugs
  2 orcs
  9 endoplasms
  A giant cockroach (D:1)
  7 goblins
  A hobgoblin (D:3)
  7 jackals
  3 ball pythons
  8 bats
  4 frilled lizards
  10 kobolds
  5 rats
93 creatures vanquished.

Vanquished Creatures (collateral kills)
  A black bear (D:5)
  A centaur (D:5)
  An ogre (D:5)
  A phantom (D:5)
  A howler monkey (D:5)
  2 hounds
  A jelly (D:6)
  An iguana (D:5)
  A sleepcap (D:5)
  Ijyb (D:5)
  An adder (D:6)
  3 gnolls
  3 orcs (D:3)
  An endoplasm (D:3)
  A goblin (D:1)
  2 hobgoblins
  2 kobolds
24 creatures vanquished.

Grand Total: 117 creatures vanquished

Notes
Turn   | Place    | Note
-------+----------+-------------------------------------------
     0 | D:1      | voltaire321 the Merfolk Summoner began the quest for the
                  | Orb.
     0 | D:1      | Reached XP level 1. HP: 13/13 MP: 3/3
   256 | D:1      | Reached XP level 2. HP: 18/20 MP: 5/5
   259 | D:1      | Learned a level 2 spell: Call Imp
   417 | D:1      | Reached skill level 1 in Fighting
   445 | D:1      | Reached XP level 3. HP: 26/26 MP: 6/6
   570 | D:1      | Learned a level 3 spell: Call Canine Familiar
   879 | D:2      | Noticed Terence
   901 | D:2      | Killed Terence
   902 | D:2      | Reached XP level 4. HP: 15/32 MP: 5/7
  1114 | D:2      | Found a sparkling altar of Nemelex Xobeh.
  1119 | D:2      | Noticed Jessica
  1133 | D:2      | Killed Jessica
  1134 | D:2      | Reached skill level 1 in Armour
  1642 | D:2      | Reached XP level 5. HP: 38/38 MP: 3/8
  1882 | D:3      | Found an ancient bone altar of Kikubaaqudgha.
  2797 | D:4      | Reached skill level 5 in Summonings
  2797 | D:4      | Reached XP level 6. HP: 41/44 MP: 8/10
  2841 | D:4      | Noticed a black bear
  2852 | D:4      | Killed a black bear
  3270 | D:5      | Entered Level 5 of the Dungeon
  3330 | D:5      | Reached XP level 7. HP: 28/51 MP: 11/11
  3496 | D:5      | Noticed Ijyb
  3773 | D:5      | Reached skill level 5 in Dodging
  3773 | D:5      | Reached skill level 6 in Summonings
  4441 | D:5      | Reached XP level 8. HP: 57/60 MP: 7/13
  4940 | D:5      | Killed Ijyb
  5519 | D:6      | Reached skill level 7 in Summonings
  5852 | D:6      | Found a stormy altar of Qazlal.
  5953 | D:6      | Reached XP level 9. HP: 51/67 MP: 8/15
  6117 | D:7      | Reached skill level 5 in Fighting
  6184 | D:7      | HP: 2/65 [wight/+2 mace of freezing (2)]
  6186 | D:7      | Slain by a wight

Illustrated notes

Levels and vault maps discovered:
D:1:      saegor_arrival_simple_e, layout_loops_ring, serial_park_tiny_2,
          minivault_24
D:2:      layout_basic, basic_altar, grunt_decor_cap, uniq_jessica, uniq_terence
D:3:      layout_basic, mainiacjoe_overflow_boulevard
D:4:      layout_cave_pools
D:5:      layout_loops_ring, hex_tiny, minmay_misc_feat_rugged, uniq_ijyb
D:6:      layout_rooms, lemuel_round_altar, minmay_small_thing
D:7:      cheibrodos_steamvent, layout_basic, minmay_temple_entry_slanted

Skill      XL: |  1  2  3  4  5  6  7  8  9 |
---------------+----------------------------+-----
Dodging        | 3 4 5 6 |  6.7
Fighting       | 1 2 3 4 5 |  5.1
Armour         | 1 2 3 |  3.4
Summonings     | 5 6 7 |  7.8
Spellcasting   | 3 4 |  4.6
Stealth        | |  2.1

Action                     |  1- 3 |  4- 6 |  7- 9 || total
---------------------------+-------+-------+-------++-------
  Melee: Hand axe          |    39 |       |       ||    39
         Unarmed           |     3 |       |       ||     3
         Punch             |     1 |     1 |     4 ||     6
         Whip              |    45 |   179 |    81 ||   305
         Dagger            |       |       |    98 ||    98
         Morningstar       |       |       |    12 ||    12
  Throw: Dart              |       |     5 |       ||     5
   Cast: Summon Small Mamm |     6 |       |       ||     6
         Call Imp          |     3 |    10 |    21 ||    34
         Call Canine Famil |       |     3 |    22 ||    25
  Evoke: Wand              |       |       |     4 ||     4
    Use: Potion            |       |       |     6 ||     6
         Scroll            |       |       |     1 ||     1
   Stab: Sleeping          |     5 |     2 |     2 ||     9
         Distracted        |     2 |     1 |       ||     3
 Armour: Robe              |    16 |    45 |    29 ||    90
  Dodge: Dodged            |    77 |   124 |   129 ||   330
  Block: Other             |       |    35 |    50 ||    85

Table legend: (Time is in decaauts)
 A = Elapsed time spent in this place.
 B = Non-inter-level travel time spent in this place.
 C = Inter-level travel time spent in this place.
 D = Time resting spent in this place.
 E = Time spent auto-exploring this place.
 F = Levels seen in this place.
 G = Mean time per level.
                   A        B        C        D        E       F      G
               +--------+--------+--------+--------+--------+-----+--------+
         Total |   6230 |   5818 |    412 |   1253 |   2787 |   7 |  890.0 |
       Dungeon |   6230 |   5818 |    412 |   1253 |   2787 |   7 |  890.0 |
               +--------+--------+--------+--------+--------+-----+--------+

Top non-repeatable levels by time:
     D:5: 1706 daAuts
     D:3: 1042 daAuts
     D:6: 937 daAuts
     D:2: 884 daAuts
     D:1: 879 daAuts
     D:4: 698 daAuts
     D:7: 82 daAuts
